 Dungeon Crawl Stone Soup version 0.19.1 (webtiles) character file.

169 JeffiDaFish the Covered (level 5, -10/33 HPs)
             Began as a Gargoyle Fighter on Dec 4, 2016.
             Mangled by an ogre
             ... wielding a +0 giant club
              (17 damage)
             ... on level 4 of the Dungeon.
             The game lasted 00:06:41 (2176 turns).

JeffiDaFish the Covered (Gargoyle Fighter)          Turns: 2176, Time: 00:06:42

Health: -10/33     AC: 15    Str: 20      XL:     5   Next: 50%
Magic:  5/5        EV:  5    Int:  8      God:
Gold:   145        SH:  9    Dex:  9 (10) Spells: 0 memorised, 4 levels left

rFire  . . .     SeeInvis .     a - +1 flail
rCold  . . .     Gourm    .     j - +2 chain mail {MR+}
rNeg   + . .     Faith    .     c - +0 shield
rPois  ∞         Spirit   .     (no helmet)
rElec  +         Reflect  .     (no cloak)
rCorr  .         Harm     .     (no gloves)
MR     +....                    (no boots)
Stlth  ..........               i - amulet of regeneration
                                (no ring)
                                (no ring)

@: no status effects
A: negative energy resistance 1, electricity resistance, unbreathing,
petrification resistance, rot immunity, AC +4
a: no special abilities


You were on level 4 of the Dungeon.
You were not hungry.

You visited 1 branch of the dungeon, and saw 4 of its levels.

You collected 145 gold pieces.

Inventory:

Hand Weapons
 a - a +1 flail (weapon)
Armour
 c - a +0 shield (worn)
 j - a +2 chain mail of magic resistance (worn)
Jewellery
 i - an amulet of regeneration (around neck)
Wands
 r - a wand of heal wounds (1/9)
Scrolls
 b - a scroll of magic mapping
 e - 2 scrolls of enchant weapon
 k - a scroll of teleportation
 m - 2 scrolls of amnesia
 q - a scroll of remove curse
Potions
 d - a potion of might
 o - a potion of magic
Comestibles
 f - 4 bread rations
 g - a meat ration
 h - a chunk of flesh
 n - a beef jerky


   Skills:
 + Level 3.8 Fighting
 + Level 3.9 Maces & Flails
 + Level 4.3 Armour
 + Level 0.5 Dodging
 + Level 3.8 Shields


You had 4 spell levels left.
You didn't know any spells.

Dungeon Overview and Level Annotations

Branches:
Dungeon (4/15)
 Temple: D:4-7

Altars:
Nemelex Xobeh


Innate Abilities, Weirdness & Mutations

You are resistant to torment.
Your stone body is resilient. (AC +4)
You are immune to poison.
You resist negative energy. (rN+)
You are resistant to electric shocks. (rElec)
You can survive without breathing.
You are immune to petrification.
You are immune to rotting.


Message History

You hit the ogre.
The ogre is heavily wounded.
The ogre hits you with a giant club.
* * * LOW HITPOINT WARNING * * *
You closely miss the ogre.
The ogre is heavily wounded.
The ogre barely misses you.
You feel better. The ogre hits you but does no damage.
You barely miss the ogre.
The ogre is heavily wounded.
The ogre hits you with a giant club!
* * * LOW HITPOINT WARNING * * *
You hit the ogre.
The ogre is severely wounded.
You block the ogre's attack.
You hit the ogre.
The ogre is severely wounded.
The ogre hits you with a giant club!
Ouch! That really hurt!
You die...

.. # #.
#.####.
......
......#####
#.....#
#..##.#
#.###...#.#
#.......#@#
.....###.#O#
#.... #.#Z#
#..# #.#.#
... #<#.# .#
###.# #.#
...


You could see an ogre and a centaur skeleton.

Vanquished Creatures
  Terence (D:3)
  3 adders
  3 gnolls (D:3)
  3 worms
  3 dart slugs
  6 orcs (D:3)
  4 giant cockroaches
  9 goblins
  10 hobgoblins
  4 kobolds
  A quokka (D:3)
  5 bats
  11 frilled lizards
  4 rats
67 creatures vanquished.

Notes
Turn   | Place    | Note
-------+----------+-------------------------------------------
     0 | D:1      | JeffiDaFish the Gargoyle Fighter began the quest for the Orb.
     0 | D:1      | Reached XP level 1. HP: 14/14 MP: 1/1
   254 | D:1      | Reached XP level 2. HP: 18/19 MP: 2/2
   693 | D:1      | Reached XP level 3. HP: 23/23 MP: 3/3
  1099 | D:2      | Found a sparkling altar of Nemelex Xobeh.
  1358 | D:2      | Reached XP level 4. HP: 27/29 MP: 4/4
  1401 | D:2      | Reached skill level 4 in Armour
  1469 | D:3      | Found a faded altar of an unknown god.
  1564 | D:3      | Reached XP level 5. HP: 13/33 MP: 5/5
  1786 | D:3      | Noticed Terence
  1798 | D:3      | Killed Terence
  2162 | D:4      | Noticed an ogre
  2176 | D:4      | Mangled by an ogre

Skill      XL: |  1  2  3  4 |
---------------+-------------+-----
Maces & Flails | 3 |  3.9
Armour         | 4 |  4.3
Fighting       | |  3.8
Dodging        | |  0.5
Shields        | |  3.8

Action                   |  1- 3 |  4- 6 || total
-------------------------+-------+-------++-------
Melee: Flail             |   159 |   126 ||   285
  Use: Scroll            |     7 |     2 ||     9
       Potion            |     6 |     1 ||     7
  Eat: Chunk             |     2 |     3 ||     5
Armor: Scale mail        |   100 |    58 ||   158
       Chain mail        |       |     6 ||     6
Dodge: Dodged            |    54 |    41 ||    95
Block: Shield            |    87 |    60 ||   147
